 Dungeon Crawl Stone Soup version 0.31-a0-187-gba352fbbf7 (webtiles) character file.

Game seed: 1571519387370187068

914 qw the Skirmisher (level 7, -3/40 HPs)
             Began as a Deep Elf Hunter on June 22, 2023.
             Slain by Prince Ribbit (9 damage)
             ... on level 5 of the Dungeon.
             The game lasted 00:02:46 (4998 turns).

qw the Skirmisher (Deep Elf Hunter)                 Turns: 4998, Time: 00:02:47

Health: -3/40      AC: 15    Str: 10    XL:     7   Next: 82%
Magic:  9/9        EV: 11    Int: 14    God:
Gold:   386        SH:  0    Dex: 18    Spells: 6/6 levels left

rFire   . . .        Y - +0 shortbow
rCold   . . .        (shield currently unavailable)
rNeg    . . .        f - +2 ring mail {rPois}
rPois   +            (no helmet)
rElec   .            a - +0 cloak
rCorr   .            (no gloves)
SInv    .            i - +2 pair of boots
Will    .....        (no amulet)
Stlth   +            h - +4 ring of protection
HPRegen 0.26/turn    (no ring)
MPRegen 0.11/turn

%: no passive effects
@: no status effects
A: no striking features
a: no special abilities


You were on level 5 of the Dungeon.
You visited 2 branches of the dungeon, and saw 6 of its levels.

You collected 386 gold pieces.


   Skills:
 - Level 2.1 Fighting
 + Level 11.5 Ranged Weapons
 - Level 2.5 Armour
 - Level 3.3 Dodging
 - Level 1.2 Stealth


You had 6 spell levels left.
You didn't know any spells.
Your spell library was empty.

Inventory:

Hand Weapons
 Y - a +0 shortbow (weapon)
Armour
 a - a +0 cloak (worn)
 b - the +1 cloak "Fuerghu" {rElec rF- Int+3}
   (You found it on level 2 of the Dungeon)

   Int:       It affects your intelligence (+3).
   rF:        It makes you vulnerable to fire.
   rElec:     It insulates you from electricity.
 f - a +2 ring mail of poison resistance (worn)
 g - a +2 ring mail of cold resistance
 i - a +2 pair of boots (worn)
 o - a +1 robe of fire resistance
Jewellery
 h - a +4 ring of protection (left hand)
 n - a ring of positive energy
 r - a +6 ring of intelligence
Scrolls
 j - a scroll of identify
 p - a scroll of torment {unknown}
 s - a scroll of fear {unknown}
Potions
 c - a potion of resistance
 d - a potion of berserk rage {unknown}
 e - 3 potions of might
 k - a potion of haste
 l - a potion of curing
 m - a potion of enlightenment {unknown}
 q - a potion of lignification {unknown}

Dungeon Overview and Level Annotations

Branches:
Dungeon (5/15)             Temple (1/1) D:4

Altars:
Dithmenos
Elyvilon
Fedhas
Hepliaklqana
Nemelex Xobeh
Qazlal
Trog
Uskayaw
Vehumet
Wu Jian
Yredelemnul
The Shining One

Annotations:
D:4 1 runed translucent door, Crazy Yiuf
D:5 1 runed translucent door, Prince Ribbit


Message History

Prince Ribbit is moderately wounded.
Prince Ribbit hits you but does no damage.
Prince Ribbit blinks!
You shoot an arrow. The arrow hits Prince Ribbit.
Prince Ribbit is moderately wounded.
You shoot an arrow. The arrow misses Prince Ribbit.
Prince Ribbit barely misses you.
You shoot an arrow. The arrow closely misses Prince Ribbit.
Prince Ribbit hits you!
You shoot an arrow. The arrow hits Prince Ribbit.
Prince Ribbit is heavily wounded.
Prince Ribbit hits you!
Prince Ribbit hits you but does no damage.
You shoot an arrow.
The arrow hits Prince Ribbit but does no damage.
Prince Ribbit is heavily wounded.
Prince Ribbit hits you but does no damage.
You shoot an arrow. The arrow hits Prince Ribbit!
Prince Ribbit is severely wounded.
Prince Ribbit hits you but does no damage.
Prince Ribbit blinks!
You shoot an arrow. The arrow barely misses Prince Ribbit.
You shoot an arrow. The arrow hits Prince Ribbit!
Prince Ribbit is almost dead.
You shoot an arrow. The arrow closely misses Prince Ribbit.
You shoot an arrow. The arrow misses Prince Ribbit.
Prince Ribbit blinks!
You shoot an arrow. The arrow misses Prince Ribbit.
Prince Ribbit blinks!
You start resting.
Prince Ribbit is nearby!
You shoot an arrow. The arrow closely misses Prince Ribbit.
Prince Ribbit blinks!
You shoot an arrow. The arrow misses Prince Ribbit.
You shoot an arrow. The arrow misses Prince Ribbit.
Prince Ribbit barely misses you.
You shoot an arrow. The arrow hits Prince Ribbit.
Prince Ribbit is almost dead.
Prince Ribbit hits you!
You die...

...........##..##.##.##....###
.#.###............##.##.#..#
.### #..##.##..##.##.##.#..#
.# ##..# ###..##.##.##.#..#
.####..######...........#..#
.....................####..#
###.##.#######.# .# #..#
#...##.##########F##.#
................@....#
.######%#########.#### .#
###.### .# #####.....# .#
...##.....# .. |..##.._..# ..
#####.....# ..# .# #.~¤¤.# ..#
## #¤¤¤~~#


You could see Prince Ribbit.

Vanquished Creatures
  Sigmund (D:4)
  An ice beast (D:5)
  An ogre (D:4)
  2 scorpions (D:5)
  4 hounds
  An orc priest (D:5)
  3 iguanas
  9 adders
  4 gnolls (D:4)
  A white imp (D:5)
  An ufetubus (D:4)
  A worm (D:3)
  2 dart slugs (D:3)
  5 orcs (D:3)
  10 ball pythons
  8 endoplasms
  2 giant cockroaches
  5 hobgoblins
  5 jackals
  3 kobolds
  5 quokkas
  10 bats
  3 frilled lizards
  6 goblins
  A jackal zombie (D:5)
  4 rats
98 creatures vanquished.

Notes
Turn   | Place    | Note
-------+----------+-------------------------------------------
     0 | D:1      | qw the Deep Elf Hunter began the quest for the Orb.
     0 | D:1      | Reached XP level 1. HP: 12/12 MP: 3/3
     0 | D:1      | 0 ||| qw: Version: 0.3-a-9-g12657ce
     0 | D:1      | 0 ||| qw: Game counter: 2022
     0 | D:1      | 0 ||| qw: Always use a shield: true
     0 | D:1      | 0 ||| qw: God list: Okawaru
     0 | D:1      | 0 ||| qw: Allow faded altars: false
     0 | D:1      | 0 ||| qw: Do Orc after D:15 true
     0 | D:1      | 0 ||| qw: Do second Lair branch before Depths: true
     0 | D:1      | 0 ||| qw: Lair rune preference: random
     0 | D:1      | 0 ||| qw: Plans: Normal
     0 | D:1      | 0 ||| PLANNING D:1-11
   215 | D:1      | Reached XP level 2. HP: 16/16 MP: 4/4
   218 | D:1      | Reached skill level 6 in Ranged Weapons
   680 | D:1      | 680 ||| UPGRADING to +2 ring mail of cold resistance.
   690 | D:1      | 690 ||| DROPPING +0 leather armour.
   691 | D:1      | 691 ||| UPGRADING to +2 pair of boots.
   696 | D:1      | 696 ||| READING scroll labelled UWEDUNYCEY.
   701 | D:1      | 701 ||| DRINKING 2 fizzy blue potions.
   702 | D:1      | 702 ||| DROPPING scroll of butterflies.
   703 | D:1      | 703 ||| DROPPING potion of degeneration.
   835 | D:2      | Found a glowing golden altar of the Shining One.
   840 | D:2      | Identified the +1 cloak "Fuerghu" {rElec rF- Int+3}
   896 | D:2      | Found a faded altar of an unknown god.
  1082 | D:2      | Identified the +1 robe of Zaqoumm {rElec Str-5 Int+4}
  1178 | D:2      | Reached XP level 3. HP: 20/20 MP: 5/5
  1357 | D:2      | 1357 ||| UPGRADING to +0 cloak.
  1362 | D:2      | 1362 ||| DROPPING +1 robe of Zaqoumm {rElec Str-5 Int+4}.
  1363 | D:2      | 1363 ||| UPGRADING to +4 ring of protection.
  1364 | D:2      | 1364 ||| READING scroll labelled IDUHOI MIUNWIU.
  1388 | D:3      | Reached skill level 7 in Ranged Weapons
  1594 | D:3      | Reached XP level 4. HP: 25/25 MP: 6/6
  1764 | D:3      | Reached skill level 8 in Ranged Weapons
  1968 | D:3      | Found a stormy altar of Qazlal.
  2381 | D:3      | Found a bloodstained altar of Trog.
  2388 | D:3      | Reached XP level 5. HP: 29/29 MP: 7/7
  2485 | D:3      | 2485 ||| READING scroll labelled MUFFA DUC FOO.
  2486 | D:3      | 2486 ||| READING scroll labelled HOCKYPL JUUPOT.
  2487 | D:3      | 2487 ||| DRINKING 2 smoky puce potions.
  2488 | D:3      | 2488 ||| DRINKING 3 clear potions.
  2489 | D:3      | 2489 ||| READING 4 scrolls of identify.
  2489 | D:3      | 2489 ||| IDENTIFYING dark potion
  2490 | D:3      | 2490 ||| READING 3 scrolls of identify.
  2490 | D:3      | 2490 ||| IDENTIFYING ruby potion
  2491 | D:3      | 2491 ||| READING 2 scrolls of identify.
  2491 | D:3      | 2491 ||| IDENTIFYING red potion
  2492 | D:3      | 2492 ||| DROPPING potion of brilliance.
  2525 | D:4      | Noticed an ogre
  2536 | D:4      | Killed an ogre
  2537 | D:4      | Reached skill level 9 in Ranged Weapons
  2557 | D:4      | 2557 ||| STAIRDANCE
  2588 | D:4      | Reached XP level 6. HP: 35/35 MP: 8/8
  2623 | D:4      | Noticed Sigmund
  2652 | D:4      | HP: 6/35 [something/magic dart (5)]
  2657 | D:4      | HP: 2/35 [something (4)]
  2661 | D:4      | Killed Sigmund
  2937 | D:4      | Found a staircase to the Ecumenical Temple.
  2938 | D:4      | 2938 ||| PLANNING TEMPLE
  2938 | D:4      | 2938 ||| UPGRADING to +2 ring mail of poison resistance.
  2948 | D:4      | 2948 ||| READING scroll labelled LOAJOY MUCYQ VERR.
  2949 | D:4      | 2949 ||| DRINKING 4 blue potions.
  2950 | D:4      | 2950 ||| DROPPING 3 potions of attraction.
  2957 | Temple   | Entered the Ecumenical Temple
  2983 | Temple   | 2983 ||| PLANNING D:1-11
  3210 | D:4      | Found a runed translucent door.
  3211 | D:4      | Noticed Crazy Yiuf
  4083 | D:5      | Entered Level 5 of the Dungeon
  4116 | D:5      | Reached skill level 10 in Ranged Weapons
  4116 | D:5      | Reached XP level 7. HP: 35/40 MP: 9/9
  4191 | D:5      | Reached skill level 3 in Dodging
  4191 | D:5      | HP: 7/40 [iguana (11)]
  4192 | D:5      | 4192 ||| READING scroll of teleportation.
  4474 | D:5      | Found a runed translucent door.
  4474 | D:5      | Noticed a human
  4477 | D:5      | Found a basalt altar of Yredelemnul.
  4478 | D:5      | 4478 ||| DROPPING ring of wizardry.
  4716 | D:5      | Reached skill level 11 in Ranged Weapons
  4941 | D:5      | Found an ornate altar of the Wu Jian Council.
  4976 | D:5      | Noticed Prince Ribbit
  4985 | D:5      | HP: 2/40 [Prince Ribbit (14)]
  4998 | D:5      | Slain by Prince Ribbit

Levels and vault maps discovered:
D:1:      eino_arrival_cavern_c, layout_loops_ring, minmay_pentomino_w2
D:2:      layout_rooms, basic_altar, nicolae_ecumenical_lake_church,
          minivault_25, minmay_tree_intersection,
          minmay_fractal_squares_gapless_5
D:3:      wad_river_or_something, layout_basic, trog_butcher_becter,
          mainiacjoe_overflow_tiny_flanked, minmay_checkerbox
D:4:      layout_cave_pools, minmay_temple_entry_metal_lava, uniq_sigmund,
          uniq_crazy_yiuf_cottage
D:5:      layout_basic, dk_yredelemnul_ordeal, nicolae_wu_jian_glorious_leap,
          minmay_between, uniq_prince_ribbit1
Temple:   nicolae_temple_ecumenical_triangle

Skill      XL: |  1  2  3  4  5  6  7 |
---------------+----------------------+-----
Ranged Weapons | 6 7 8 9 10 11 | 11.5
Fighting       | 2 |  2.1
Armour         | 2 |  2.5
Dodging        | 3 |  3.3
Stealth        | |  1.2

Action                     |  1- 3 |  4- 6 |  7- 9 || total
---------------------------+-------+-------+-------++-------
   Fire: Shortbow          |   126 |   141 |   116 ||   383
    Use: Scroll            |     2 |     6 |     1 ||     9
         Potion            |     1 |     3 |       ||     4
 Armour: Leather armour    |    10 |       |       ||    10
         Ring mail         |    15 |    37 |    25 ||    77
  Dodge: Dodged            |    34 |    26 |    53 ||   113

Table legend:
 A = Non-vault XP
 B = Vault XP
 C = Vault XP percentage of total XP
 D = Non-vault monster count
 E = Vault monster count
 F = Vault count percentage of total count
                 A         B        C        D         E       F
            +---------+---------+-------+---------+---------+-------
      Total |     866 |     440 |  33.7 |      68 |      30 |  30.6
            +---------+---------+-------+---------+---------+-------
        D:1 |      24 |       0 |   0.0 |      16 |       0 |   0.0
        D:2 |      22 |       8 |  26.7 |      12 |       5 |  29.4
        D:3 |      89 |      57 |  39.0 |      19 |      17 |  47.2
        D:4 |     273 |     226 |  45.3 |      12 |       1 |   7.7
        D:5 |     458 |     149 |  24.5 |       9 |       7 |  43.8
            +---------+---------+-------+---------+---------+-------
